 Dungeon Crawl Stone Soup version 0.30.1-11-g7821555f0a (webtiles) character file.

Game seed: 18144850459112978649

309295 Peloso the Hoplite (level 20, -36/199 HPs)
             Began as a Minotaur Fighter on Oct 31, 2023.
             Was the Champion of Okawaru.
             Killed from afar by an ironbound thunderhulk (41 damage)
             ... with a bolt of lightning
             ... on level 2 of the Vaults on Nov 1, 2023.
             The game lasted 02:34:23 (44146 turns).

Peloso the Hoplite (Minotaur Fighter)              Turns: 44146, Time: 02:34:24

Health: -36/199    AC: 13    Str: 26    XL:     20   Next: 37%
Magic:  21/21      EV: 24    Int:  8    God:    Okawaru [******]
Gold:   5394       SH: 19    Dex: 25    Spells: 19/19 levels left

rFire   + . .        a - +5 double sword (heavy)
rCold   . . .        d - +0 kite shield {reflect}
rNeg    . . .        x - +5 ring mail "Hajufiv" {*Slow Will+ Regen+ SInv}
rPois   +            R - +2 hat
rElec   .            t - +1 cloak "Biosozurha" {Fly rPois Int+3 Dex+2}
rCorr   +            o - +1 pair of gloves {Str+3}
SInv    +            (no boots)
Will    +++..        (no amulet)
Stlth   +++          m - +4 ring of slaying
HPRegen 1.33/turn    T - ring "Reylarr" {rF+ Will+ rCorr Dex+6}
MPRegen 0.17/turn

%: slow self (1%), reflection
@: frozen, corroded, flying, very slow
A: horns 2, retaliatory headbutt
}: 2/15 runes: decaying, serpentine
a: Renounce Religion, Heroism, Finesse, Duel


You were on level 2 of the Vaults.
You worshipped Okawaru.
Okawaru was exalted by your worship.
You visited 8 branches of the dungeon, and saw 36 of its levels.
You also visited: Sewer, Gauntlet, Ice Cave and Wizlab.

You collected 5878 gold pieces.
You spent 484 gold pieces at shops.

Inventory:

Hand Weapons
 a - a +5 heavy double sword (weapon)
 b - a +1 spectral double sword
 c - the +11 scimitar of Instinct {holy, rF+ Int+3}
   (Okawaru gifted it to you on level 4 of the Snake Pit)

   Int:       It affects your intelligence (+3).
   rF:        It protects you from fire.
Armour
 d - a +0 kite shield of reflection (worn)
 f - the +0 pair of gloves of the Old and Reckless {rF+ rCorr Stlth-}
   (Okawaru gifted it to you on level 1 of the Vaults)

   rF:        It protects you from fire.
   rCorr:     It protects you from acid and corrosion.
   Stlth:     It makes you less stealthy.
 o - a +1 pair of gloves of strength (worn)
 t - the +1 cloak "Biosozurha" (worn) {Fly rPois Int+3 Dex+2}
   (Okawaru gifted it to you on level 1 of the Swamp)

   Int:       It affects your intelligence (+3).
   Dex:       It affects your dexterity (+2).
   rPois:     It protects you from poison.
   Fly:       It grants you flight.
 u - the +1 cloak of Lugonu's Favour {rElec rF+ SInv}
   (You found it in a wizard's laboratory)

   rF:        It protects you from fire.
   rElec:     It insulates you from electricity.
   SInv:      It lets you see invisible.
 x - the +5 ring mail "Hajufiv" (worn) {*Slow Will+ Regen+ SInv}
   (You found it on level 10 of the Dungeon)

   SInv:      It lets you see invisible.
   Regen:     It increases your rate of health regeneration.
   *Slow:     It may slow you when you take damage.
   Will:      It increases your willpower.
 R - a +2 hat (worn)
Jewellery
 l - a ring of poison resistance
 m - a +4 ring of slaying (left hand)
 q - the ring "Muoguytt" {rN+ rCorr EV+5 Int-3 Stlth+}
   (You found it in a wizard's laboratory)

   [ring of evasion]

   EV:        It affects your evasion (+5).
   Int:       It affects your intelligence (-3).
   rN:        It protects you from negative energy.
   rCorr:     It protects you from acid and corrosion.
   Stlth:     It makes you more stealthy.
 r - the ring "Vaast" {rC+ MP-9 Str+6 Dex+2}
   (You found it in a wizard's laboratory)

   [ring of strength]

   Str:       It affects your strength (+6).
   Dex:       It affects your dexterity (+2).
   rC:        It protects you from cold.
   MP:        It affects your magic capacity (-9).
 E - a ring of protection from fire
 H - a ring of willpower
 J - a +4 ring of protection
 O - a ring of protection from cold
 T - the ring "Reylarr" (right hand) {rF+ Will+ rCorr Dex+6}
   (You found it in a Gauntlet)

   [ring of dexterity]

   Dex:       It affects your dexterity (+6).
   rF:        It protects you from fire.
   rCorr:     It protects you from acid and corrosion.
   Will:      It increases your willpower.
Wands
 A - a wand of roots (3)
 N - a wand of digging (2)
Scrolls
 e - 5 scrolls of teleportation
 h - 6 scrolls of blinking
 k - 3 scrolls of magic mapping
 n - 8 scrolls of immolation
 p - 2 scrolls of fog
 v - 2 scrolls of enchant armour
 w - 6 scrolls of poison
 y - a scroll of brand weapon
 B - 4 scrolls of fear
 F - a scroll of acquirement
Potions
 g - 2 potions of mutation
 i - a potion of resistance
 j - a potion of flight
 s - 19 potions of curing
 z - 7 potions of heal wounds
 G - a potion of cancellation
 I - 3 potions of berserk rage
 M - 6 potions of might
 Q - 8 potions of haste
 S - 4 potions of invisibility
Miscellaneous
 C - a phantom mirror
 D - a phial of floods


   Skills:
 + Level 21.7 Fighting
 + Level 22.3 Long Blades
 + Level 15.9 Armour
 + Level 14.8 Dodging
 + Level 6.6 Stealth
 + Level 23.9 Shields
 + Level 3.6 Invocations
 + Level 2.0 Evocations


You had 19 spell levels left.
You didn't know any spells.
Your spell library contained the following spells:

 Spells                   Type           Power      Damage    Failure   Level
 Apportation              Tloc           0%         N/A       52%         1
 Beastly Appendage        Tmut           0%         N/A       52%         1
 Foxfire                  Conj/Fire      0%         2x1d4     52%         1
 Freeze                   Ice            0%         1d3       52%         1
 Kiss of Death            Conj/Necr      0%         2d5       52%         1
 Magic Dart               Conj           0%         1d3       52%         1
 Slow                     Hex            0%         N/A       52%         1
 Lesser Beckoning         Tloc           0%         N/A       67%         2
 Wereblood                Tmut           0%         N/A       67%         2
 Confusing Touch          Hex            0%         N/A       88%         3
 Dazzling Flash           Conj/Hex       0%         N/A       88%         3
 Frozen Ramparts          Ice            0%         1d1       88%         3
 Gell's Gravitas          Tloc           0%         N/A       88%         3
 Hailstorm                Conj/Ice       0%         3d3       88%         3
 Ignite Poison            Fire/Tmut/Pois 0%         N/A       88%         3
 Inner Flame              Hex/Fire       0%         N/A       88%         3
 Mephitic Cloud           Conj/Pois/Air  0%         N/A       88%         3
 Teleport Other           Tloc           0%         N/A       88%         3
 Vampiric Draining        Necr           0%         2d6       88%         3
 Airstrike                Air            0%         2d(0-16)  99%         4
 Anguish                  Hex/Necr       0%         N/A       99%         4
 Cause Fear               Hex            0%         N/A       99%         4
 Dispel Undead            Necr           0%         3d6       99%         4
 Flame Wave               Conj/Fire      0%         2d4       99%         4
 Ice Form                 Ice/Tmut       0%         N/A       99%         4
 Sticky Flame             Conj/Fire      0%         2d3       99%         4
 Agony                    Necr           0%         N/A       100%        5
 Alistair's Intoxication  Tmut/Pois      0%         N/A       100%        5
 Blade Hands              Tmut           0%         N/A       100%        5
 Borgnjor's Vile Clutch   Necr/Erth      0%         N/A       100%        5
 Fireball                 Conj/Fire      0%         3d3       100%        5
 Irradiate                Conj/Tmut      0%         3d11      100%        5
 Silence                  Hex/Air        0%         N/A       100%        5
 Conjure Ball Lightning   Conj/Air       0%         3x3d6     100%        6
 Iron Shot                Conj/Erth      0%         9d1       100%        6
 Plasma Beam              Fire/Air       0%         2x1d11    100%        6
 Starburst                Conj/Fire      0%         6d3       100%        6
 Statue Form              Tmut/Erth      0%         N/A       100%        6
 Dragon Form              Tmut           0%         N/A       100%        7
 Enfeeble                 Hex            0%         N/A       100%        7
 Ozocubu's Refrigeration  Ice            0%         4d7       100%        7
 Storm Form               Tmut/Air       0%         N/A       100%        7
 Borgnjor's Revivificati  Necr           0%         N/A       100%        8
 Discord                  Hex            0%         N/A       100%        8
 Disjunction              Tloc           0%         N/A       100%        8
 Maxwell's Capacitive Co  Air            0%         ∞         100%        8
 Necromutation            Tmut/Necr      0%         N/A       100%        8
 Chain Lightning          Conj/Air       0%         N/A       100%        9
 Death's Door             Necr           0%         N/A       100%        9
 Fire Storm               Conj/Fire      0%         5d1       100%        9
 Shatter                  Erth           0%         3d5*      100%        9
 Call Imp                 Summ           Unusable   N/A       N/A         2
 Animate Armour           Summ/Erth      Unusable   N/A       N/A         4
 Animate Dead             Necr           Unusable   N/A       N/A         4
 Summon Lightning Spire   Summ/Air       Unusable   N/A       N/A         4
 Summon Mana Viper        Hex/Summ       Unusable   N/A       N/A         5
 Death Channel            Necr           Unusable   N/A       N/A         6
 Simulacrum               Ice/Necr       Unusable   N/A       N/A         6
 Dragon's Call            Summ           Unusable   N/A       N/A         9

Dungeon Overview and Level Annotations

Branches:
Dungeon (15/15)            Temple (1/1) D:5            Lair (5/5) D:11
  Swamp (4/4) Lair:3        Snake (4/4) Lair:2        Slime (0/5) Lair:4
    Orc (2/2) D:9             Elf (3/3) Orc:2        Vaults (2/5) D:13
 Depths (0/4) D:15          Sewer (visited)           IceCv (visited)
 WizLab (visited)         Gauntlet (visited)
  Crypt: Vaults:2-3

Altars:
Ashenzari
Cheibriados
Dithmenos
Elyvilon
Fedhas
Gozag
Hepliaklqana
Kikubaaqudgha
Makhleb
Nemelex Xobeh
Okawaru
Qazlal
Ru
Sif Muna
Trog
Uskayaw
Vehumet
Wu Jian
Xom
Yredelemnul
Zin
The Shining One
Jiyva

Shops:
D:4 :   D:9 =   D:15 *   Orc:2 !![=   Elf:1 [(   Elf:2 *   Snake:1 :=
Snake:3 !   Vaults:1 ?

Portals:
Trove: D:11 (give 14 potions of heal wounds)

Annotations:
Lair:3 Casa
Elf:2 2 runed translucent doors


Innate Abilities, Weirdness & Mutations

You have a pair of horns on your head.
You reflexively headbutt those who attack you in melee.


Message History

The entropy weaver hits you but does no damage.
You block the entropy weaver's attack. The entropy weaver hits you!
You block the entropy weaver's attack.
The ironbound frostheart calls freezing cold from the walls.
The frost grips you!!
You hit the entropy weaver. You headbutt the entropy weaver.
The entropy weaver is almost dead.
You block the entropy weaver's attack. x2
The entropy weaver barely misses you.
The entropy weaver completely misses you.
Strange energies crackle from the ironbound thunderhulk's apparatus.
The ironbound thunderhulk blinks!
The ironbound frostheart calls freezing cold from the walls.
The frost grips you!!
* * * LOW HITPOINT WARNING * * *
You closely miss the entropy weaver.
The entropy weaver is almost dead.
The ice encasing you melts away.
The entropy weaver completely misses you. x2
The entropy weaver barely misses you. You block the entropy weaver's attack.
Unknown command.
You closely miss the entropy weaver. You headbutt the entropy weaver.
You kill the entropy weaver!
Okawaru accepts your kill.
Unknown command.
You closely miss the ironbound frostheart.
You headbutt the ironbound frostheart.
The ironbound frostheart is lightly wounded.
The ironbound frostheart calls freezing cold from the walls.
The frost grips you!!
* * * LOW HITPOINT WARNING * * *
You are encased in ice.
You slice the ironbound frostheart!!
The ironbound frostheart is severely wounded.
The ironbound frostheart calls freezing cold from the walls.
The frost grips you!!
* * * LOW HITPOINT WARNING * * *
Electricity crackles from the ironbound thunderhulk's apparatus.
The bolt of lightning hits you!!!
You die...

#.......#..#... ....
#..<....'...... ...
#.......#....## ...
#.......#.....# ..
#.O.....#......
##+#####'#############
#....#...# # #....#)..#
# #'####@#### #
#?..p#..$#############
#$..$#..$#.......'...#
#'####+####.......#...#
.. #.......#.... .
+.......##### #......<#
# #.......# #
#######'#####


You could see an ironbound thunderhulk and an ironbound frostheart.

Vanquished Creatures
  Bai Suzhen (Snake:3)
  Vashnia (Snake:3)
  A Hellbinder (WizLab)
  Zenata (Elf:3)
  2 deep elf blademasters
  2 deep elf master archers (Elf:3)
  Mlioglotl (Snake:4)
  2 thorn hunters (Swamp:4)
  Gastronok (Lair:2)
  A sphinx (Vaults:1)
  The ghost of fedepesso the Warrior, an adept HOMo of Beogh (Snake:4)
  6 nagarajas (Snake:4)
  A shadow dragon (Vaults:1)
  Donald (Snake:1)
  Roxanne (D:15)
  A frost giant (D:14)
  The ghost of Fasel the Warrior, a journeyman DgIE (Swamp:1)
  Louise (Swamp:2)
  2 deep elf sorcerers
  A vault warden (Vaults:1)
  Aizul (Elf:3)
  2 deep elf elementalists (Elf:3)
  2 cacodemons (WizLab)
  4 ironbound preservers
  A demonspawn blood saint (WizLab)
  8 very ugly things
  A stone giant (Vaults:2)
  7 deep elf demonologists (Elf:3)
  7 deep elf annihilators
  4 bunyips
  4 eleionomae
  2 lorocyprocas (WizLab)
  3 dire elephants
  A minotaur (Gauntlet)
  6 deep elf death magi
  3 blizzard demons (WizLab)
  A green death (WizLab)
  An entropy weaver (Vaults:2)
  A fire dragon (D:15)
  A shambling mangrove (Swamp:4)
  A vault guard (Vaults:1)
  2 yaktaur captains
  2 great orbs of eyes
  A rakshasa (D:15)
  A hell beast (WizLab)
  Erolcha (Orc:2)
  2 salamander tyrants
  3 deep elf high priests (Elf:3)
  20 hydras
  4 ghost crabs
  3 catoblepae
  5 boulder beetles
  An ogre mage (D:13)
  An ironbound frostheart (Vaults:1)
  8 anacondas
  Erica (D:9)
  2 ice dragons
  6 centaur warriors
  16 dancing weapons
  An alligator (Swamp:4)
  2 two-headed ogres
  17 naga warriors
  5 death yaks
  6 tengu warriors
  3 orc high priests
  5 shock serpents
  28 naga sharpshooters
  A soul eater (WizLab)
  A sun demon (WizLab)
  Sonja (D:13)
  A spectral death yak (Lair:5)
  A spectral spriggan (Swamp:1)
  A skyshark (Lair:5)
  14 deep elf knights
  A salamander mystic (Snake:4)
  A spectral bunyip (Swamp:1)
  13 deep trolls (Vaults:1)
  2 sixfirhies (WizLab)
  4 goliath frogs
  The ghost of Voland the Zephyrmancer, a novice TeAE (D:8)
  A skeletal warrior (D:13)
  A spectral anaconda (Lair:5)
  15 sea snakes
  2 shadow demons (WizLab)
  5 spriggan druids
  5 naga ritualists
  5 bog bodies
  An orange crystal statue (Elf:2)
  13 swamp dragons
  4 wizards
  2 orc knights
  3 necromancers (Lair:5)
  A glowing orange brain (D:14)
  10 mana vipers
  An obsidian statue (Lair:5)
  4 harpies (Vaults:1)
  3 ironbound convokers (Vaults:1)
  8 deep elf archers
  16 deep elf zephyrmancers
  22 deep elf pyromancers
  3 oklob plants
  12 orc sorcerers
  A shining eye (shapeshifter) (D:14)
  3 cyclopes
  A manticore (D:14)
  27 ugly things
  3 will-o-the-wisps
  13 salamanders
  25 elephants
  A moth of wrath (Snake:4)
  11 vault sentinels
  16 naga magi
  2 rust devils (WizLab)
  13 cane toads
  2 smoke demons (WizLab)
  3 ice statues
  Joseph (D:8)
  A torpor snail (Gauntlet)
  31 black mambas
  A hellion (WizLab)
  2 gargoyles
  2 unseen horrors (D:10)
  8 guardian serpents
  2 orange demons (WizLab)
  4 centaur skeletons (D:13)
  4 komodo dragons
  8 rime drakes
  3 kobold demonologists
  3 freezing wraiths
  A bunyip simulacrum (Swamp:1)
  3 efreet
  An ice devil (WizLab)
  11 yaktaurs (Vaults:1)
  3 red devils (WizLab)
  9 trolls
  5 hellwings (WizLab)
  3 polar bears
  A polar bear (shapeshifter) (D:14)
  7 hornets
  Grinder (D:3)
  10 tyrant leeches
  A raiju (Gauntlet)
  A tarantella (shapeshifter) (D:15)
  17 blink frogs
  4 air elementals
  21 slime creatures
  A slime creature (shapeshifter) (Elf:3)
  2 water elementals
  Sigmund (D:4)
  A shadow (D:8)
  2 centaur simulacra (D:11)
  5 spriggans
  2 wraiths
  A wyvern (Lair:3)
  2 fire elementals
  36 yaks
  3 steam dragons
  7 basilisks
  24 vampire mosquitoes
  A redback (shapeshifter) (Elf:3)
  A chaos spawn (WizLab)
  2 death yak simulacra (Lair:5)
  42 nagas
  12 swamp worms
  Menkaure (D:7)
  A warg (Orc:1)
  4 acid dragons
  A hydra simulacrum (Swamp:1)
  3 hell hounds (Gauntlet)
  12 water moccasins
  13 ice beasts
  2 sky beasts (D:8)
  10 swamp drakes
  An elephant zombie (Lair:5)
  A spriggan simulacrum (Swamp:1)
  21 orc warriors
  9 ogres
  2 elephant skeletons (Lair:5)
  30 wolves
  A boggart (Elf:1)
  8 centaurs
  4 phantoms
  8 kobold brigands
  Blork the orc (Temple)
  A gnoll sergeant (D:12)
  12 bullfrogs
  An earth elemental (Elf:3)
  A scorpion (D:7)
  An elephant simulacrum (Lair:5)
  3 lindwurm simulacra (IceCv)
  18 killer bees
  10 electric eels
  4 howler monkeys
  5 komodo dragon simulacra (IceCv)
  A jelly (D:8)
  Crazy Yiuf (D:4)
  17 orc priests
  2 sleepcaps
  4 iguanas
  Ijyb (D:4)
  29 orc wizards
  8 ogre zombies (D:9)
  Robin (D:4)
  8 gnolls
  6 acid dragon simulacra (IceCv)
  11 adders
  3 river rats
  2 shadow imps (D:7)
  8 white imps
  2 ufetubi
  7 steam dragon simulacra (IceCv)
  A worm (D:4)
  12 dart slugs
  72 orcs
  8 bats
  3 endoplasms
  3 giant cockroaches
  13 goblins
  14 hobgoblins
  4 jackals (D:4)
  7 quokkas
  13 ball pythons
  5 frilled lizards
  2 goblin skeletons (D:9)
  A goblin zombie (D:9)
  5 hobgoblin zombies (D:9)
  22 kobolds
  2 orc skeletons (D:9)
  15 orc zombies (D:9)
  14 rats
1366 creatures vanquished.

Vanquished Creatures (others)
  An alligator (Swamp:2)
  A deep elf knight (Elf:3)
  A goliath frog (Swamp:1)
  A naga mage (Snake:3)
  4 bloated husks (Swamp:1)
  2 vampire mosquitoes (Swamp:1)
  An orc wizard (D:9)
  An orc (Orc:2)
  A kobold (D:12)
  8 foxfires (Swamp:1)
21 creatures vanquished.

Grand Total: 1387 creatures vanquished

Notes
Turn   | Place    | Note
-------+----------+-------------------------------------------
     0 | D:1      | Peloso the Minotaur Fighter began the quest for the Orb.
     0 | D:1      | Reached XP level 1. HP: 19/19 MP: 0/0
   214 | D:1      | Reached XP level 2. HP: 27/27 MP: 1/1
   293 | D:1      | Reached skill level 4 in Shields
   683 | D:1      | Reached XP level 3. HP: 28/33 MP: 2/2
  1048 | D:2      | Reached XP level 4. HP: 37/40 MP: 3/3
  1301 | D:3      | Found an iron altar of Okawaru.
  1306 | D:3      | Found a shimmering altar of Xom.
  1309 | D:3      | Found a blossoming altar of Fedhas.
  1676 | D:3      | Noticed Grinder
  1676 | D:3      | Paralysed by Grinder for 3 turns
  1699 | D:3      | Killed Grinder
  1700 | D:3      | Reached skill level 5 in Long Blades
  1700 | D:3      | Reached skill level 5 in Armour
  1700 | D:3      | Reached XP level 5. HP: 28/47 MP: 4/4
  1700 | D:3      | Reached XP level 6. HP: 31/53 MP: 5/5
  2022 | D:4      | Noticed Sigmund
  2059 | D:4      | Killed Sigmund
  2060 | D:4      | Reached skill level 5 in Fighting
  2267 | D:3      | Reached XP level 7. HP: 60/61 MP: 6/6
  2273 | D:4      | Reached skill level 5 in Shields
  2318 | D:4      | Noticed Ijyb
  2328 | D:4      | Killed Ijyb
  2492 | D:4      | Noticed Robin
  2528 | D:4      | Killed Robin
  2723 | D:4      | Found Hastrexau's Self-Improvement Boutique.
  2936 | D:4      | Found a runed translucent door.
  2937 | D:4      | Noticed Crazy Yiuf
  3001 | D:4      | Killed Crazy Yiuf
  3160 | D:5      | Entered Level 5 of the Dungeon
  3258 | D:5      | Found a staircase to the Ecumenical Temple.
  3261 | D:5      | Noticed Blork the orc
  3267 | Temple   | Entered the Ecumenical Temple
  3271 | Temple   | Killed Blork the orc
  3504 | D:5      | Reached XP level 8. HP: 64/70 MP: 7/7
  3621 | D:3      | Became a worshipper of Warmaster Okawaru
  3734 | D:5      | Found a shadowy altar of Dithmenos.
  3749 | D:5      | Found a glowing golden altar of the Shining One.
  4056 | D:5      | Identified the +0 robe "Koxtan" {Will- Str+3 Slay+2}
  4414 | D:6      | Found a glowing drain.
  4423 | Sewer    | Entered a sewer
  4520 | Sewer    | Reached * piety under Okawaru
  5141 | D:6      | Reached skill level 1 in Dodging
  5211 | D:6      | Reached skill level 6 in Shields
  5575 | D:7      | Found a broken altar of Ashenzari.
  5792 | D:7      | Reached XP level 9. HP: 79/79 MP: 8/8
  5856 | D:7      | Noticed Menkaure
  5861 | D:7      | Killed Menkaure
  6073 | D:7      | Found a transporter.
  6079 | D:7      | Noticed a kobold demonologist
  6102 | D:7      | Found a transporter.
  6363 | D:8      | Reached ** piety under Okawaru
  6427 | D:8      | Found a runed translucent gate.
  6428 | D:8      | Found a runed translucent gate.
  6428 | D:8      | Noticed Voland's ghost (novice TeAE)
  6429 | D:8      | Found a runed translucent gate.
  6495 | D:8      | Reached skill level 10 in Long Blades
  6567 | D:8      | Noticed a two-headed ogre
  6575 | D:8      | Killed a two-headed ogre
  6576 | D:8      | Reached skill level 1 in Stealth
  6736 | D:8      | Noticed Joseph
  6749 | D:8      | Killed Joseph
  6749 | D:8      | Reached *** piety under Okawaru
  6750 | D:8      | Reached skill level 10 in Armour
  6750 | D:8      | Reached XP level 10. HP: 61/88 MP: 6/9
  6876 | D:8      | Found a shimmering blue altar of Sif Muna.
  6879 | D:8      | Found a hide-covered altar of Uskayaw.
  6879 | D:8      | Found a white marble altar of Elyvilon.
  7458 | D:8      | Found an ornate altar of the Wu Jian Council.
  8083 | D:9      | Found a staircase to the Orcish Mines.
  8318 | D:9      | Noticed Erica
  8331 | D:9      | Killed Erica
  8332 | D:9      | Reached skill level 7 in Shields
  8567 | D:9      | Noticed a two-headed ogre
  8575 | D:9      | Killed a two-headed ogre
  8575 | D:9      | Reached **** piety under Okawaru
  8726 | D:9      | Found Peillos's Jewellery Shoppe.
  8927 | D:9      | Received a gift from Okawaru
  9032 | D:9      | Found a glowing silver altar of Zin.
  9032 | D:9      | Found an opulent altar of Gozag.
  9396 | D:9      | Reached ***** piety under Okawaru
  9397 | D:9      | Reached XP level 11. HP: 82/95 MP: 10/10
  9677 | D:10     | Entered Level 10 of the Dungeon
  9690 | D:10     | Identified the +5 ring mail "Hajufiv" {*Slow Will+ Regen+
                  | SInv}
  9889 | D:10     | Identified the +0 plate armour of Loss {Contam Harm rElec
                  | rC- SInv} (Okawaru gifted it to you on level 10 of the
                  | Dungeon)
  9889 | D:10     | Received a gift from Okawaru
 10017 | D:10     | Reached skill level 8 in Shields
 10053 | D:10     | Reached skill level 10 in Fighting
 10480 | D:10     | Identified the ring of Ru's Delight {Will+ Str+7 Dex-2
                  | Stlth+}
 10521 | D:10     | Noticed a tengu warrior
 10521 | D:10     | Noticed a tengu warrior
 10537 | D:10     | Killed a tengu warrior
 10570 | D:10     | Killed a tengu warrior
 10661 | D:11     | Found a portal to a secret trove of treasure.
 10687 | D:11     | Reached skill level 1 in Invocations
 10781 | D:11     | Noticed a lindwurm
 10835 | D:11     | Noticed a lindwurm
 10847 | D:11     | Noticed a lindwurm
 10849 | D:11     | Noticed a boulder beetle
 10872 | D:11     | Killed a boulder beetle
 10873 | D:11     | Reached XP level 12. HP: 46/108 MP: 12/12
 11349 | D:11     | Identified the +0 robe of Quutyma {Regen+ Dex+3} (Okawaru
                  | gifted it to you on level 11 of the Dungeon)
 11349 | D:11     | Received a gift from Okawaru
 11561 | D:11     | Found a staircase to the Lair.
 11746 | D:11     | Reached skill level 9 in Shields
 11842 | Lair:1   | Entered Level 1 of the Lair of Beasts
 11873 | Lair:1   | Reached skill level 15 in Long Blades
 11887 | Lair:1   | Found a frozen archway.
 11899 | IceCv    | Entered an ice cave
 12330 | IceCv    | Noticed an ice dragon
 12356 | IceCv    | Killed an ice dragon
 13407 | Lair:2   | Identified the +11 hand crossbow of the Heart {penet, rF+
                  | Int+2} (Okawaru gifted it to you on level 2 of the Lair of
                  | Beasts)
 13407 | Lair:2   | Received a gift from Okawaru
 13484 | Lair:2   | Found a staircase to the Snake Pit.
 13680 | Lair:2   | Reached XP level 13. HP: 119/119 MP: 13/13
 13812 | Lair:2   | Noticed Gastronok
 13827 | Lair:2   | Killed Gastronok
 13828 | Lair:2   | Reached skill level 5 in Dodging
 14186 | Lair:3   | Reached skill level 10 in Shields
 14396 | Lair:3   | Found a staircase to the Swamp.
 15238 | D:12     | Received a gift from Okawaru
 15835 | D:12     | Identified a scroll of acquirement
 15939 | Orc:1    | Entered Level 1 of the Orcish Mines
 16042 | Orc:1    | Reached skill level 11 in Shields
 16127 | Orc:1    | Identified the +0 robe of Insatiable Hunger {rPois Dex+3}
                  | (Okawaru gifted it to you on level 1 of the Orcish Mines)
 16127 | Orc:1    | Received a gift from Okawaru
 16331 | Orc:2    | Entered Level 2 of the Orcish Mines
 16429 | Orc:2    | Found a burning altar of Makhleb.
 16535 | Orc:2    | Found a staircase to the Elven Halls.
 17038 | Orc:2    | Found Lariseno's Jewellery Shop.
 17115 | Orc:2    | Found an ancient bone altar of Kikubaaqudgha.
 17119 | Orc:2    | Paralysed by an orc sorcerer for 5 turns
 17134 | Orc:2    | Found Gamuz's Antique Armour Boutique.
 17147 | Orc:2    | Found a radiant altar of Vehumet.
 17147 | Orc:2    | Noticed Erolcha
 17161 | Orc:2    | Killed Erolcha
 17238 | Orc:2    | Found Quseox's Distillery.
 17259 | Orc:2    | Found Jiyl's Distillery.
 17705 | D:13     | Found a transporter.
 17708 | D:13     | Reached XP level 14. HP: 121/121 MP: 14/14
 17733 | D:13     | Reached skill level 12 in Shields
 17749 | D:13     | Found a gate leading to a gauntlet.
 17758 | Gauntlet | Entered a Gauntlet
 17758 | Gauntlet | Found a transporter.
 17758 | Gauntlet | Found a transporter.
 17762 | Gauntlet | Found a runed translucent door.
 17764 | Gauntlet | Found a transporter.
 17766 | Gauntlet | Found a transporter.
 17768 | Gauntlet | Found a runed translucent door.
 17769 | Gauntlet | Found a transporter.
 17769 | Gauntlet | Found a transporter.
 17810 | Gauntlet | Found a transporter.
 17813 | Gauntlet | Found a transporter.
 17813 | Gauntlet | Found a transporter.
 17828 | Gauntlet | Found a transporter.
 17844 | Gauntlet | Found a transporter.
 17867 | Gauntlet | Found a runed translucent door.
 17868 | Gauntlet | Found a transporter.
 17869 | Gauntlet | Found a runed translucent door.
 17872 | Gauntlet | Found a transporter.
 17918 | Gauntlet | Found a transporter.
 18113 | Gauntlet | Identified the ring "Reylarr" {rF+ Will+ rCorr Dex+6}
 18161 | Gauntlet | Identified the +11 hand axe "Loaju" {freeze, MP+9}
 18186 | Gauntlet | Identified the +1 cloak of Zoronk {Str+2 Stlth+}
 18497 | D:13     | Found a transporter.
 18500 | D:13     | Reached ****** piety under Okawaru
 18661 | D:13     | Noticed Sonja
 18667 | D:13     | Killed Sonja
 18698 | D:13     | Identified the +1 demon blade of Taxation {flame, *Slow rF+
                  | rN+ Int+4} (Okawaru gifted it to you on level 13 of the
                  | Dungeon)
 18698 | D:13     | Received a gift from Okawaru
 18768 | D:13     | Reached skill level 15 in Fighting
 18852 | D:13     | Found a transporter.
 18885 | D:13     | Found a transporter.
 18933 | D:13     | Found a gate to the Vaults.
 19441 | D:8      | Killed Voland's ghost
 19877 | Lair:4   | Received a gift from Okawaru
 19882 | Lair:4   | Reached skill level 1 in Evocations
 19927 | Lair:4   | Found a radiant altar of Vehumet.
 19928 | Lair:4   | You fall into a shaft and drop 1 floor!
 19928 | Lair:5   | Entered Level 5 of the Lair of Beasts
 19941 | Lair:5   | Identified the +8 whip of Fear {drain, rPois}
 20097 | Lair:4   | Reached skill level 13 in Shields
 20226 | Lair:4   | Received a gift from Okawaru
 20359 | Lair:5   | Reached XP level 15. HP: 143/143 MP: 16/16
 20465 | Lair:4   | Identified the +2 rapier of Departure {speed, rC+ Str-4
                  | Stlth+}
 20532 | Lair:4   | Found a viscous altar of Jiyva.
 20532 | Lair:4   | Found a staircase to the Slime Pits.
 21049 | Lair:5   | Received a gift from Okawaru
 21988 | Lair:5   | Identified the +0 plate armour of Raomn {rC+ rN++ Will-
                  | Str-2}
 22571 | Lair:5   | Received a gift from Okawaru
 22828 | Lair:5   | Identified the ring of Bamots {rElec rCorr MP+9 Int+4
                  | Dex-5}
 23053 | D:14     | Reached skill level 14 in Shields
 23197 | D:14     | Noticed a frost giant
 23201 | D:14     | Killed a frost giant
 23267 | D:14     | Found a blossoming altar of Fedhas.
 23582 | D:14     | Found the Hermit's Pendant {Faith Invo=14 Evo=0 MP+5}
 23759 | D:14     | Received a gift from Okawaru
 23952 | D:15     | Entered Level 15 of the Dungeon
 24001 | D:15     | Found a transporter.
 24192 | D:15     | Found a transporter.
 24196 | D:15     | Found a transporter.
 24197 | D:15     | Found a transporter.
 24398 | D:15     | Identified the ring of Zamygobb {Fire rPois Int+3 Slay-6
                  | Stlth+}
 24440 | D:15     | Found a transporter.
 24442 | D:15     | Found a transporter.
 24644 | D:15     | Found Zoitt's Elemental Accessories.
 24897 | D:15     | Identified Roxanne's Omnibus of Forms
 24897 | D:15     | Noticed Roxanne
 24903 | D:15     | Killed Roxanne
 24904 | D:15     | Reached skill level 10 in Dodging
 24904 | D:15     | Reached XP level 16. HP: 116/155 MP: 17/17
 25058 | D:15     | Identified the +5 demon blade of the Sea {drain, *Rage
                  | rC+++ Str+6 Int-5} (Okawaru gifted it to you on level 15 of
                  | the Dungeon)
 25058 | D:15     | Received a gift from Okawaru
 25064 | D:15     | Found a staircase to the Depths.
 25116 | D:15     | Identified the +0 scale mail "Tiesutud" {+Inv Dex-2 Slay+6
                  | Stlth-}
 26024 | Snake:1  | Entered Level 1 of the Snake Pit
 26255 | Snake:1  | Noticed Donald
 26263 | Snake:1  | Killed Donald
 26264 | Snake:1  | Reached skill level 5 in Stealth
 26455 | Snake:1  | Found Qiposm's Vocational Training.
 26941 | Snake:1  | Found Osoot's Jewellery Emporium.
 27320 | Elf:1    | Entered Level 1 of the Elven Halls
 27333 | Elf:1    | Found Licios's Antique Weapon Shop.
 27339 | Elf:1    | Reached skill level 15 in Shields
 27342 | Elf:1    | Found Neutzion's Armour Boutique.
 27439 | Elf:1    | Received a gift from Okawaru
 28508 | Elf:2    | Paralysed by an air elemental for 1 turns
 28511 | Elf:2    | Paralysed by an air elemental for 1 turns
 28513 | Elf:2    | Paralysed by an air elemental for 1 turns
 28653 | Elf:2    | Found a runed translucent door.
 28680 | Elf:2    | Found a runed translucent door.
 28878 | Elf:2    | Found Jorop's General Store.
 29069 | Elf:3    | Entered Level 3 of the Elven Halls
 29103 | Elf:3    | Paralysed by an air elemental for 1 turns
 29398 | Elf:3    | Noticed a deep elf blademaster
 29420 | Elf:2    | Killed a deep elf blademaster
 29420 | Elf:2    | Received a gift from Okawaru
 29503 | Elf:3    | Noticed a Hell Sentinel
 29507 | Elf:3    | Reached skill level 16 in Shields
 29507 | Elf:3    | Reached XP level 17. HP: 131/166 MP: 18/18
 29516 | Elf:3    | Reached skill level 15 in Armour
 29518 | Elf:3    | Noticed Aizul
 29527 | Elf:3    | Killed Aizul
 29763 | Elf:3    | Identified the +4 falchion "Piost" {holy, *Rage +Blink rC+
                  | Int+4}
 29831 | Elf:3    | Noticed a deep elf master archer
 29841 | Elf:3    | Killed a deep elf master archer
 29867 | Elf:3    | Noticed a deep elf blademaster
 29873 | Elf:3    | HP: 6/168 [deep elf knight/shard of ice (21)]
 30009 | Elf:3    | Identified the +2 robe "Saeck" {Fly rPois rN++ MP+9}
 30020 | Elf:3    | Killed a deep elf blademaster
 30234 | Elf:3    | Identified the +4 tower shield of a wizard's laboratory
                  | {SInv} (Okawaru gifted it to you on level 3 of the Elven
                  | Halls)
 30234 | Elf:3    | Received a gift from Okawaru
 30278 | Elf:3    | Identified the +1 scale mail "Kipsui" {rF++ Int+4 Dex-2}
 30303 | Elf:3    | Identified the +0 chain mail of the Distant Future {rN+
                  | rCorr Slay+4}
 30324 | Elf:3    | Identified the amulet "Nawn" {Acrobat Rampage Str+3 Int-2
                  | Dex+3}
 30332 | Elf:3    | Noticed a deep elf master archer
 30342 | Elf:3    | Killed a deep elf master archer
 30345 | Elf:3    | Identified the staff of fire "Hosoy" {Contam rF+ Str+4
                  | SInv}
 30971 | Elf:3    | Got the Meditations on Rime and Accompaniment
 31156 | Elf:3    | Noticed Zenata
 31158 | Elf:3    | Identified the +0 great sword of the Original Sin {freeze,
                  | Drain Int+6}
 31369 | Elf:3    | Reached skill level 17 in Shields
 31522 | Elf:3    | Identified the staff of earth "Zysywo" {rPois Str+3}
 31537 | Elf:3    | Killed Zenata
 33704 | Snake:3  | Found Fiam Ufiu's Distillery.
 33710 | Snake:3  | Bought a potion of mutation for 104 gold pieces
 34048 | Snake:3  | Noticed Vashnia
 34071 | Snake:3  | Killed Vashnia
 34071 | Snake:3  | Identified the +6 demon blade of Guiqeab {freeze, rElec rC-
                  | rCorr} (Okawaru gifted it to you on level 3 of the Snake
                  | Pit)
 34071 | Snake:3  | Received a gift from Okawaru
 34072 | Snake:3  | Reached skill level 18 in Shields
 34072 | Snake:3  | Reached XP level 18. HP: 162/178 MP: 19/19
 34396 | Snake:3  | Noticed Bai Suzhen
 34404 | Snake:3  | Killed Bai Suzhen
 34762 | Snake:4  | Entered Level 4 of the Snake Pit
 35168 | Snake:4  | Identified the +11 scimitar of Instinct {holy, rF+ Int+3}
                  | (Okawaru gifted it to you on level 4 of the Snake Pit)
 35168 | Snake:4  | Received a gift from Okawaru
 35229 | Snake:4  | Reached skill level 19 in Shields
 35850 | Snake:4  | Found a transporter.
 35854 | Snake:4  | Found a bloodstained altar of Trog.
 35856 | Snake:4  | Noticed fedepesso's ghost (adept HOMo)
 35861 | Snake:4  | Found a transporter.
 35933 | Snake:4  | Noticed Mlioglotl
 35942 | Snake:4  | Killed Mlioglotl
 36365 | Snake:4  | Received a gift from Okawaru
 36827 | Snake:4  | Got a serpentine rune of Zot
 36978 | Snake:4  | Killed fedepesso's ghost
 37022 | Snake:4  | Got Yczyd's Notes on Gases
 37388 | Orc:2    | Bought a potion of might for 40 gold pieces
 37388 | Orc:2    | Bought a potion of might for 40 gold pieces
 38224 | Swamp:1  | Entered Level 1 of the Swamp
 38294 | Swamp:1  | Reached skill level 20 in Shields
 38343 | Swamp:1  | Reached XP level 19. HP: 187/187 MP: 20/20
 38430 | Swamp:1  | Identified the +1 cloak "Biosozurha" {Fly rPois Int+3
                  | Dex+2} (Okawaru gifted it to you on level 1 of the Swamp)
 38430 | Swamp:1  | Received a gift from Okawaru
 38504 | Swamp:1  | Found a transporter.
 38574 | Swamp:1  | Noticed Fasel's ghost (journeyman DgIE)
 38608 | Swamp:1  | Found a transporter.
 39151 | Swamp:2  | Identified the +4 lajatang "Lisuschi" {freeze, rN+ Will+}
 39184 | Swamp:2  | Noticed Louise
 39208 | Swamp:2  | Killed Louise
 39941 | Swamp:4  | Entered Level 4 of the Swamp
 40194 | Swamp:3  | Reached skill level 21 in Shields
 40932 | Swamp:4  | Identified the +0 plate armour "Gamal" {Rampage SInv}
 40938 | Swamp:4  | Got a decaying rune of Zot
 41149 | Swamp:1  | Killed Fasel's ghost
 41665 | Vaults:1 | Entered Level 1 of the Vaults
 41694 | Vaults:1 | Identified the +0 pair of gloves of the Old and Reckless
                  | {rF+ rCorr Stlth-} (Okawaru gifted it to you on level 1 of
                  | the Vaults)
 41694 | Vaults:1 | Received a gift from Okawaru
 41698 | Vaults:1 | Reached skill level 22 in Shields
 41788 | Vaults:1 | Found a magical portal.
 41811 | WizLab   | Entered The Hall of the Hellbinder
 41925 | WizLab   | HP: 9/187 [cacodemon (4)]
 42118 | WizLab   | Noticed Mukhipip
 42143 | WizLab   | Killed Mukhipip the Hellbinder
 42170 | WizLab   | Found a burning altar of Makhleb.
 42181 | WizLab   | Identified the ring "Muoguytt" {rN+ rCorr EV+5 Int-3
                  | Stlth+}
 42184 | WizLab   | Identified the ring "Vaast" {rC+ MP-9 Str+6 Dex+2}
 42239 | WizLab   | Identified the +1 cloak of Lugonu's Favour {rElec rF+ SInv}
 42345 | WizLab   | Acquired 1193 gold pieces
 42646 | Vaults:1 | Found Fehaloir's Magic Scroll Emporium.
 42652 | Vaults:1 | Bought a scroll of magic mapping for 150 gold pieces
 42652 | Vaults:1 | Bought a scroll of blinking for 150 gold pieces
 42697 | Vaults:1 | Reached skill level 23 in Shields
 42813 | Vaults:1 | Reached XP level 20. HP: 186/198 MP: 21/21
 42861 | Vaults:1 | Identified the staff of death "Piguis" {rN+ Str+2 Dex+3}
 43408 | Vaults:1 | Identified the +2 pair of gloves of the Jolly Friars {rC-
                  | Dex+4} (Okawaru gifted it to you on level 1 of the Vaults)
 43408 | Vaults:1 | Received a gift from Okawaru
 43666 | Vaults:1 | Identified the +1 robe of Grand Wonder {rPois rF+ rN+}
 44146 | Vaults:2 | HP: 5/199 [ironbound frostheart/creeping frost (21)]
 44146 | Vaults:2 | Killed from afar by an ironbound thunderhulk

Illustrated notes

Levels and vault maps discovered:
D:1:      dpeg_arrival_orchard, layout_loops_ring
D:2:      layout_rooms
D:3:      layout_basic, minmay_overflow_temple_star_quad, uniq_grinder
D:4:      layout_cave_pools, nicolae_shop_self_help, uniq_ijyb, uniq_robin,
          uniq_sigmund, uniq_crazy_yiuf_cottage
D:5:      kennysheep_slugbush, layout_cave_pools,
          mainiacjoe_overflow_surrounded_room, nicolae_dithmenos_shadow_blocks,
          uniq_blork_the_orc
D:6:      layout_loops_ring, gup_sewer_entry_bubbles
D:7:      gammafunk_wand_slinger, layout_loops_cross,
          nicolae_ashenzari_skybound, uniq_menkaure
D:8:      minmay_general_purpose_star, layout_basic,
          nicolae_wu_jian_glorious_leap, gammafunk_temple_overflow_forgotten,
          serial_corexii_hall, chequers_hall_statues_corner_a,
          corexii_hall_statues_l, corexii_hall_statues_x,
          chequers_hall_statues_wall_a, gammafunk_ghost_nasty_kobolds,
          uniq_joseph
D:9:      layout_basic, grunt_temple_overflow_gold_and_silver,
          zombieorc2_lemuel, minmay_shop_enchanted_jewellery, uniq_erica
D:10:     layout_loops_ring, serial_park_tiny_1, grunt_ministairs_9,
          st_stairs_4, kennysheep_generic_room_5
D:11:     layout_loops_ring, dpeg_oklobed_lair, serial_ice, serial_ice_c,
          serial_ice_l, serial_ice_d, serial_ice_o, enter_trove_2,
          minmay_lindwurm_lava
D:12:     layout_roguey
D:13:     layout_loops_ring, hangedman_vaults_entry_quadrant_bands,
          gauntlet_entry_generic, nicolae_transporter_intersection, uniq_sonja
D:14:     minmay_chopped_fan, layout_cave_pools, fedhas_altar_2, serial_ice,
          serial_ice_e, serial_ice_a, serial_ice_f, serial_ice_n,
          lightli_minifort
D:15:     grunt_enter_depths_hoard, layout_layer_cave,
          chequers_decorated_corner, nicolae_elemental_shop,
          serial_nicolae_subway, nicolae_sub_station_metal,
          nicolae_sub_station_stone, nicolae_sub_station_crystal, uniq_roxanne
Temple:   dpeg_chambers_temple
Lair:1:   layout_small_grid, portal_ice_cave_entry_pillars_2
Lair:2:   layout_loops_ring, minmay_snake_entry_guardpost_medium,
          serial_bayou_shore_b, lemuel_fruit_tree, uniq_gastronok
Lair:3:   layout_hall_layers, swamp_mist
Lair:4:   layout_gridlike, dpeg_slime_entry_enclosed, basic_altar,
          infiniplex_staircase_pool_2
Lair:5:   due_jungle_book, layout_loops_ring, minivault_26, ice2_lemuel
Swamp:1:  layout_falls_marsh, gammafunk_ghost_mausoleum,
          evilmike_swamp_ruin_house_4, swamp_pool3, st_swamp_ruins_1
Swamp:2:  layout_falls_marsh, nicolae_swamp_fairy_circle, uniq_louise
Swamp:3:  layout_falls_marsh, infiniplex_staircase_pool, swamp_pool3
Swamp:4:  swamp, layout_basic_swamp
Snake:1:  layout_basic, serial_shops, nicolae_shop_advertising_works
          [nicolae_subvault_shop_adworks], nicolae_shop_vocational,
          serial_bayou_shore_a, grunt_megastairs_2, uniq_donald
Snake:2:  nicolae_snake_shooting_gallery, layout_gridlike
Snake:3:  layout_basic, serial_shops, nicolae_shop_industrial_runoff,
          uniq_vashnia, uniq_bai_suzhen
Snake:4:  grunt_snake_rune_pools, layout_misc_corridors, special_room,
          gammafunk_ghost_wrathful_warriors, nicolae_snake_shapes,
          uniq_mlioglotl
Orc:1:    layout_caves, nicolae_orc_rockfall
Orc:2:    kennysheep_orc_mage_school, layout_diamond_mine, lemuel_statue_altar
Elf:1:    layout_loops_ring, hangedman_elf_disciples,
          serial_sigils_hangedman_carve, minmay_shoptagon
Elf:2:    elven_hall_of_blades_hangedman_original
          [nicolae_blade_entry_splitting_headache], layout_gridlike,
          serial_shops, shop, minivault_16
Elf:3:    grunt_elf_hall_spiral, layout_loops_ring, uniq_zenata, uniq_aizul
Vaults:1: lightli_enter_wizlab_magi_temple, vaults_room_grid, vaults_dpeg_doors,
          ontoclasm_vaults_fault, vaults_standard_mumra_enter_the_diamond,
          nicolae_vaults_good_morning_starshine, nicolae_vaults_house_1,
          vaults_room_grunt_arrival_ludios, nicolae_vaults_tetromino_L_1,
          vaults_room_fancy_cross, nicolae_vaults_what_the_h,
          hangedman_vaults_impose, nicolae_vaults_circle_grid_a,
          nicolae_vaults_network_barrier, ontoclasm_vaults_loading_screen,
          nicolae_vaults_windows_and_doors_thing, vaults_mumra_chevron,
          nicolae_vaults_little_squares_6, layout_vaults_omnibox, serial_shops,
          shop
Vaults:2: st_cells, v_alt_pattern_1, hangedman_vaults_hat, ontoclasm_vaults_eye,
          hangedman_vaults_locks, vaults_dpeg_hooks, hangedman_vaults_corner,
          v_misc_8, v_misc_33, grunt_vaults_swirl,
          minmay_crypt_entry_simple_statues, nicolae_vaults_apartment_2,
          nicolae_vaults_tetromino_T_1, layout_vaults_maze

Skill      XL: |  1  2  3  4  5  6  7  8  9 10 11 12 13 14 15 16 17 18 19 |
---------------+----------------------------------------------------------+-----
Armour         | 4 5 6 8 10 11 12 13 14 15 | 15.9
Shields        | 4 5 6 7 8 9 11 13 14 16 18 20 23 | 23.9
Fighting       | 4 5 6 7 8 10 12 14 15 17 18 19 20 21 | 21.7
Long Blades    | 3 5 6 7 9 11 13 14 15 16 17 19 20 21 22 | 22.3
Dodging        | 1 2 4 6 8 10 11 12 13 14 | 14.8
Stealth        | 1 2 3 4 5 6 |  6.6
Invocations    | 1 2 3 |  3.6
Evocations     | 1 2 |  2.0

Action                     |  1- 3 |  4- 6 |  7- 9 | 10-12 | 13-15 | 16-18 | 19-21 || total
---------------------------+-------+-------+-------+-------+-------+-------+-------++-------
  Melee: Long sword        |   103 |    70 |   359 |    94 |       |       |       ||   626
         Headbutt          |     9 |     9 |    66 |   133 |   283 |   207 |   161 ||   868
         Scimitar          |       |       |       |   493 |   883 |     4 |       ||  1380
         Double sword      |       |       |       |       |   159 |   881 |   580 ||  1620
 Invoke: Heroism           |       |       |     1 |    10 |     6 |     9 |     5 ||    31
  Evoke: Wand              |       |       |       |     2 |     9 |    17 |     1 ||    29
    Use: Potion            |     3 |     3 |     1 |     3 |     2 |     5 |    10 ||    27
         Scroll            |       |     3 |     5 |     6 |    17 |    14 |     8 ||    53
   Stab: Sleeping          |       |       |       |     1 |     9 |     5 |     5 ||    20
         Distracted        |       |       |       |       |       |     1 |     3 ||     4
 Armour: Scale mail        |    10 |       |       |       |       |       |       ||    10
         Plate armour      |    88 |    56 |   246 |    87 |       |       |       ||   477
         Ring mail         |       |       |       |   105 |   406 |   268 |   262 ||  1041
  Dodge: Dodged            |    33 |    19 |   102 |   193 |   631 |   713 |   718 ||  2409
  Block: Buckler           |    28 |    15 |    87 |   155 |   536 |    44 |       ||   865
         Reflection        |       |       |     1 |     7 |    17 |   229 |    19 ||   273
         Kite shield       |       |       |       |       |       |   923 |   816 ||  1739
